 Dungeon Crawl Stone Soup version 0.26-a0-639-g72c4674329 (webtiles) character file.

Game seed: 11027870238912884957

550617 Kaptain the Ruinous (level 26, -1/183 HPs)
             Began as an Octopode Hedge Wizard on Sept 17, 2020.
             Slain by a deep elf sorcerer
             ... wielding a +0 dagger
              (6 damage)
             ... on level 4 of the Depths on Sept 18, 2020.
             The game lasted 11:02:00 (85590 turns).

Kaptain the Ruinous (Octopode Hedge Wizard)        Turns: 85590, Time: 11:02:00

Health: -1/183     AC:  5    Str: 14    XL:     26   Next: 30%
Magic:  36/74      EV: 22    Int: 35    God:
Gold:   10052      SH: 12    Dex: 20    Spells: 7/65 levels left

rFire    + + +     SeeInvis +   R - +8 dagger of the Nexus {elec, Int+3}
rCold    + + +     Faith    .   o - +0 kite shield of Jizisofu {rC++ Dex-2 Slay+6 SInv}
rNeg     + + .     Spirit   .   U - -2 hat of the Alchemist {rElec rPois rF+ rC+ rN+ MR+ rMut rCorr}
rPois    +         Reflect  .   Y - amulet of magic regeneration
rElec    +         Harm     .   q - +4 ring of protection
rCorr    +         Rampage  .   W - ring "Tohoutz" {Wiz rF+ Int+4 Dex+2}
rMut     +                      T - ring of Akeintes {*Corrode rF+ rN+ Str+2 Dex+4}
MR       +++..                  A - ring of magical power
Stlth    +++++++...             a - ring of magical power
HPRegen  0.40/turn              O - ring "Geluup" {Int+6 Dex+3}
MPRegen  0.69/turn              h - ring of magical power
                                b - ring of protection from magic

@: about to teleport
A: almost no armour, stealthy swim, amphibious, 8 rings, constrict 8, iridescent
scales 1, camouflage 2, dopey 1, electricity resistance, gelatinous body 1
}: 3/15 runes: decaying, slimy, gossamer
a: no special abilities


You were on level 4 of the Depths.
You visited 11 branches of the dungeon, and saw 51 of its levels.
You also visited: Ossuary and Ice Cave.

You collected 13459 gold pieces.
You spent 3407 gold pieces at shops.

Inventory:

Hand Weapons
 c - the +8 flail of the Median {flame, Stlth+}
   (You found it on level 3 of the Swamp)

   It has been specially enchanted to burn those struck by it, causing extra
   injury to most foes and up to half again as much damage against particularly
   susceptible opponents.
   It makes you more stealthy.
 R - the +8 dagger of the Nexus (weapon) {elec, Int+3}
   (You found it on level 10 of the Dungeon)

   Occasionally, upon striking a foe, it will discharge some electrical energy
   and cause terrible harm.
   It affects your intelligence (+3).
Armour
 f - a +0 kite shield of reflection
 o - the +0 kite shield of Jizisofu (worn) {rC++ Dex-2 Slay+6 SInv}
   (You found it on level 2 of the Vaults)

   It affects your dexterity (-2).
   It affects your accuracy and damage with ranged weapons and melee attacks
   (+6).
   It greatly protects you from cold.
   It lets you see invisible.
 U - the -2 hat of the Alchemist (worn) {rElec rPois rF+ rC+ rN+ MR+ rMut rCorr}
   (You acquired it on level 1 of the Spider Nest)

   It protects you from fire.
   It protects you from cold.
   It insulates you from electricity.
   It protects you from poison.
   It protects you from negative energy.
   It affects your resistance to hostile enchantments.
   It provides partial protection from all sources of acid and corrosion.
   It protects you from mutation.
Magical Staves
 K - an uncursed staff of earth
 S - an uncursed staff of fire
Jewellery
 a - a ring of magical power (on tentacle)
 b - a ring of protection from magic (on tentacle)
 h - a ring of magical power (on tentacle)
 q - a +4 ring of protection (left tentacle)
 w - an uncursed ring of protection from fire
 y - a +6 ring of intelligence
 z - an uncursed ring of see invisible
 A - a ring of magical power (on tentacle)
 F - an uncursed ring of wizardry
 H - a +6 ring of intelligence
 N - the ring of Muar Poa {+Fly rC+ MP-9 Str+2}
   (You found it on level 3 of the Elven Halls)

   [ring of protection from cold]

   It affects your strength (+2).
   It protects you from cold.
   It affects your magic capacity (-9).
   It lets you fly.
 O - the ring "Geluup" (on tentacle) {Int+6 Dex+3}
   (You found it on level 4 of the Lair of Beasts)

   [ring of intelligence]

   It affects your intelligence (+6).
   It affects your dexterity (+3).
 T - the ring of Akeintes (on tentacle) {*Corrode rF+ rN+ Str+2 Dex+4}
   (You bought it in a shop on level 2 of the Elven Halls)

   [ring of positive energy]

   It affects your strength (+2).
   It affects your dexterity (+4).
   It protects you from fire.
   It protects you from negative energy.
   It may corrode you when you take damage.
 W - the ring "Tohoutz" (right tentacle) {Wiz rF+ Int+4 Dex+2}
   (You found it on level 5 of the Pits of Slime)

   [ring of wizardry]

   It improves your spell success rate.
   It affects your intelligence (+4).
   It affects your dexterity (+2).
   It protects you from fire.
 X - an uncursed ring of wizardry
 Y - an amulet of magic regeneration (around mantle)
Wands
 j - a wand of disintegration (9)
 u - a wand of digging (5)
 C - a wand of acid (22)
 M - a wand of iceblast (84)
Scrolls
 i - 13 scrolls of amnesia
 k - 12 scrolls of teleportation
 l - 3 scrolls of magic mapping
 m - 19 scrolls of remove curse
 n - 6 scrolls of fog
 r - 8 scrolls of enchant weapon
 E - a scroll of summoning
 I - 12 scrolls of identify
 J - 5 scrolls of fear
 V - 3 scrolls of holy word
 Z - 5 scrolls of enchant armour
Potions
 d - 11 potions of flight
 e - 13 potions of curing
 g - 3 potions of mutation
 p - 2 potions of magic
 s - 3 potions of berserk rage
 t - 9 potions of brilliance
 v - 6 potions of might
 x - 2 potions of heal wounds
 B - 2 potions of invisibility
 D - 2 potions of resistance
 L - 9 potions of stabbing
 P - 7 potions of ambrosia
 Q - 2 potions of cancellation
Miscellaneous
 G - a lightning rod (4/4)


   Skills:
 + Level 16.1 Fighting
 + Level 6.8 Short Blades
 + Level 11.8 Dodging
 - Level 12.0 Stealth
 - Level 10.8 Shields
 * Level 20.3 Spellcasting
 * Level 21.6 Conjurations
   Level 1.0 Summonings
 - Level 1.0 Translocations
 - Level 7.2 Transmutations
 - Level 12.0 Fire Magic
 * Level 3.2 Air Magic
 - Level 17.4 Earth Magic


You had 7 spell levels left.
You knew the following spells:

 Your Spells              Type           Power        Failure   Level
a - Bolt of Magma         Conj/Fire/Erth ########..   1%          5
b - Blink                 Tloc           N/A          1%          2
c - Fireball              Conj/Fire      ########..   1%          5
d - Shatter               Erth           ########..   41%         9
e - Mephitic Cloud        Conj/Pois/Air  #######.     1%          3
f - Sticky Flame          Conj/Fire      ########     0%          4
g - Stone Arrow           Conj/Erth      ######       0%          3
h - Lee's Rapid Deconstr  Erth           ########..   1%          5
i - Swiftness             Air            ######..     1%          2
j - Statue Form           Tmut/Erth      #######..    1%          6
k - Iron Shot             Conj/Erth      ########..   1%          6
l - Orb of Destruction    Conj           ########..   1%          7
m - Animate Skeleton      Necr           #####.       1%          1

Your spell library contained the following spells:

 Spells                   Type           Power        Failure   Level
 Foxfire                  Conj/Fire      ####         0%          1
 Magic Dart               Conj           ####         0%          1
 Sandblast                Erth           ######       0%          1
 Shock                    Conj/Air       ####         0%          1
 Passwall                 Tmut/Erth      #######.     0%          2
 Searing Ray              Conj           ######       0%          2
 Conjure Flame            Conj/Fire      ########     0%          3
 Iskenderun's Battlesphe  Conj           ########     0%          5
 Apportation              Tloc           #####.       1%          1
 Corona                   Hex            #####..      1%          1
 Freeze                   Ice            ####         1%          1
 Sting                    Tmut/Pois      ####         1%          1
 Summon Small Mammal      Summ           ####         1%          1
 Call Imp                 Summ           #####...     1%          2
 Corpse Rot               Necr/Air       N/A          1%          2
 Ensorcelled Hibernation  Hex/Ice        #####.       1%          2
 Poisonous Vapours        Pois/Air       #####.       1%          2
 Slow                     Hex            #####...     1%          2
 Sublimation of Blood     Necr           #####.....   1%          2
 Wereblood                Tmut           ######..     1%          2
 Confusing Touch          Hex            #####...     1%          3
 Dazzling Flash           Conj/Hex       ######       1%          3
 Frozen Ramparts          Ice            #####.       1%          3
 Ignite Poison            Fire/Tmut/Pois ######..     1%          3
 Inner Flame              Hex/Fire       ######..     1%          3
 Lesser Beckoning         Tloc           #####.....   1%          3
 Ozocubu's Armour         Ice            #####...     1%          3
 Portal Projectile        Hex/Tloc       #####.       1%          3
 Spider Form              Tmut/Pois      ######....   1%          3
 Static Discharge         Conj/Air       #######.     1%          3
 Summon Guardian Golem    Hex/Summ       #####...     1%          3
 Tukima's Dance           Hex            #####...     1%          3
 Airstrike                Air            ######....   1%          4
 Fulminant Prism          Conj/Hex       #######...   1%          4
 Hailstorm                Conj/Ice       #######.     1%          4
 Ice Form                 Ice/Tmut       ######..     1%          4
 Iskenderun's Mystic Bla  Conj/Tloc      #######.     1%          4
 Leda's Liquefaction      Hex/Erth       #######...   1%          4
 Petrify                  Tmut/Erth      #######.     1%          4
 Borgnjor's Vile Clutch   Necr/Erth      #######...   1%          5
 Irradiate                Conj/Tmut      #######...   1%          5
 Lightning Bolt           Conj/Air       #######...   1%          5
 Conjure Ball Lightning   Conj/Air       #######...   1%          6
 Starburst                Conj/Fire      ########..   1%          6
 Alistair's Intoxication  Tmut/Pois      ######...    3%          5
 Freezing Cloud           Conj/Ice/Air   #######...   3%          6
 Passage of Golubria      Tloc           N/A          4%          4
 Summon Ice Beast         Ice/Summ       #####...     4%          4
 Hydra Form               Tmut           ######....   4%          6
 Spellforged Servitor     Conj/Summ      #######...   4%          7
 Animate Dead             Necr           #####.....   6%          4
 Cause Fear               Hex            #####.....   6%          4
 Dispel Undead            Necr           #####...     6%          4
 Olgreb's Toxic Radiance  Pois           #####...     6%          4
 Silence                  Hex/Air        #####.....   9%          5
 Summon Mana Viper        Hex/Summ       #####...     13%         5
 Agony                    Necr           #####...     16%         5
 Excruciating Wounds      Necr           #####.....   16%         5
 Metabolic Englaciation   Hex/Ice        #####.....   16%         5
 Eringya's Noxious Bog    Tmut/Pois      ######....   21%         6
 Dragon Form              Tmut           ######....   26%         7
 Shadow Creatures         Summ           N/A          47%         6
 Death Channel            Necr           #####.....   61%         6
 Invisibility             Hex            #####...     61%         6
 Ozocubu's Refrigeration  Ice            #####.....   61%         6
 Simulacrum               Ice/Necr       #####.....   61%         6
 Ignition                 Fire           #######...   26%         8
 Dragon's Call            Summ           #####.....   100%        9
 Tornado                  Air            ######....   100%        9


Dungeon Overview and Level Annotations

Branches:
Dungeon (15/15)            Temple (1/1) D:5            Lair (6/6) D:9
  Swamp (4/4) Lair:3       Spider (4/4) Lair:3        Slime (5/5) Lair:6
    Orc (2/2) D:12            Elf (3/3) Orc:2        Vaults (4/5) D:13
  Crypt (3/3) Vaults:3       Tomb (0/3) Crypt:3      Depths (4/5) D:15
Ossuary (visited)           IceCv (visited)

Altars:
Ashenzari
Cheibriados
Dithmenos
Elyvilon
Fedhas
Gozag
Hepliaklqana
Kikubaaqudgha
Makhleb
Nemelex Xobeh
Okawaru
Qazlal
Ru
Sif Muna
Trog
Uskayaw
Vehumet
Wu Jian
Xom
Yredelemnul
Zin
The Shining One
Beogh
Jiyva

Shops:
D:8 [   D:10 =   Orc:2 *((=   Elf:2 }=}   Vaults:2 [   Vaults:3 *   Vaults:4 :
Depths:1 *

Portals:
Hell: Depths:1 Depths:2 Depths:3 Depths:4
Abyss: Depths:1 Depths:2 Depths:4
Pandemonium: Depths:3
Ziggurat: Depths:4

Annotations:
Lair:1 Gastronok
Vaults:2 3 runed translucent doors, exclusion: obsidian statue, Viusuagh's ghost, adept MiSk


Innate Abilities, Weirdness & Mutations

You cannot wear most types of armour.
You are very stealthy in the water. (Stealth+)
You are amphibious.
You can wear up to eight rings at the same time.
You can use your tentacles to constrict eight enemies at once.
Your skin blends seamlessly with your surroundings (Stealth++).
Your rubbery body absorbs attacks. (AC +1, EV +1)
You are partially covered in iridescent scales. (AC +2)
You are dopey. (Int -2)
You are resistant to electric shocks. (rElec)


Message History

Your battlesphere dissipates.
The quicksilver dragon completely misses you.
The quicksilver dragon claws you!
* * * LOW HITPOINT WARNING * * *
You hear a shout!
As you read the scroll of teleportation, it crumbles to dust.
You feel strangely unstable.
You revert to your normal fleshy form.
The deep elf sorcerer closely misses you.
The quicksilver dragon bites you but does no damage.
The quicksilver dragon claws you but does no damage.
You block the rakshasa's attack.
The deep elf sorcerer closely misses you.
You block the frost giant's attack. The quicksilver dragon bites you!
* * * LOW HITPOINT WARNING * * *
The quicksilver dragon claws you.
* * * LOW HITPOINT WARNING * * *
The rakshasa completely misses you.
The deep elf sorcerer hits you with a +0 dagger.
You die...

# #. #.# ### #..#
..# ## # #...# .. ..
## #.°..#. #. #"
#.....##.#### ####
#...C@RD#...# ##
##.#.
##..eD#.#...#..
##..#. ##..D...#..#.
#...#. #.......#
.#######.#
#u........#...#...#.
####....#C#.).#...#.
##......#..#..#..
#.......#####..∩
#........###....


You could see 2 frost giants, a red very ugly thing (fleeing), 3 quicksilver
dragons, a rakshasa and a deep elf sorcerer (fast).

Vanquished Creatures
  the Royal Jelly (Slime:5)
  2 ancient liches
  Sojobo (Crypt:1)
  Boris (Crypt:2)
  Bai Suzhen (D:15)
  Margery (Crypt:1)
  Saint Roka (D:15)
  A caustic shrike (Depths:4)
  Xtahua (Crypt:1)
  Nikola (Swamp:4)
  The ghost of Hores the Scorcher, a veteran GrEE of Vehumet (Depths:2)
  A bone dragon (Crypt:3)
  A golden dragon (Depths:3)
  6 liches
  Rupert (Vaults:3)
  Asterion (Vaults:3)
  2 deep elf master archers (Elf:3)
  An Executioner (Depths:4)
  A titan (Depths:3)
  24 acid blobs
  2 deep elf blademasters (Elf:3)
  Frances (Elf:1)
  Agnes (Vaults:3)
  A sphinx (Depths:3)
  A shadow dragon (Vaults:4)
  Kirke (Lair:4)
  A thorn hunter (Swamp:3)
  Donald (Orc:2)
  4 tengu reavers
  3 ancient champions
  19 azure jellies
  3 revenants
  Roxanne (Swamp:4)
  6 fire giants
  3 frost giants
  10 vault wardens
  4 deep elf sorcerers
  An orc warlord (Orc:1)
  3 ghost moths
  7 deep elf elementalists
  A draconian knight (Vaults:3)
  11 emperor scorpions
  7 ghouls
  Louise (Swamp:4)
  14 ironheart preservers
  A reaper (Crypt:2)
  5 very ugly things
  13 stone giants
  4 war gargoyles (Crypt:3)
  5 deep elf demonologists
  4 vampire knights
  A juggernaut skeleton (Crypt:2)
  7 entropy weavers
  7 deep elf annihilators
  6 spark wasps
  3 crystal guardians (Crypt:3)
  10 eidola
  12 death oozes
  Josephine (Orc:2)
  12 deep elf death magi
  5 fire dragons
  12 jiangshi
  6 deep elf high priests
  12 ettins
  14 yaktaur captains
  16 great orbs of eyes
  24 hydras
  6 ice dragons
  Fannar (D:10)
  6 rakshasas
  2 ghost crabs (Swamp:2)
  2 spriggan air magi (Depths:3)
  27 two-headed ogres
  A shambling mangrove (Swamp:1)
  7 vault guards
  A catoblepas (Lair:5)
  9 centaur warriors
  2 death knights
  36 dancing weapons
  13 alligators
  A queen ant (D:12)
  5 death yaks
  15 ogre magi
  7 tengu warriors
  4 deep troll earth magi
  3 deep troll shamans (Depths:3)
  3 titan zombies
  10 vampire magi
  7 orc high priests
  Sonja (Lair:1)
  5 spriggans
  A soul eater (Crypt:1)
  15 deep elf knights
  6 spriggan berserkers (Depths:3)
  7 hell knights
  An iron troll (Depths:3)
  26 skeletal warriors
  2 fire crabs
  A spriggan druid (Swamp:4)
  3 glowing orange brains
  5 flayed ghosts
  2 small abominations (Elf:3)
  14 deep trolls
  An unseen horror (D:10)
  11 wizards
  11 swamp dragons
  A shadow dragon zombie (Depths:2)
  15 ironbrand convokers
  A swamp dragon (shapeshifter) (Depths:3)
  A phantasmal warrior (Crypt:2)
  Pikel (D:8)
  14 deep elf archers
  A tengu zombie (Vaults:4)
  3 harpies (Vaults:2)
  A wolf spider zombie (D:14)
  22 orb spiders
  12 necromancers
  An orb spider (shapeshifter) (D:13)
  17 orc knights
  69 deep elf magi
  33 wolf spiders
  5 orc sorcerers
  An oklob plant (Lair:6)
  10 cyclopes
  40 ugly things
  6 elephants (Lair:3)
  A shining eye (shapeshifter) (Elf:3)
  2 fire giant zombies
  6 manticores
  6 shining eyes
  A moth of wrath (Spider:4)
  A fire giant skeleton (Crypt:3)
  7 black mambas
  A dire elephant zombie (Crypt:3)
  9 vault sentinels
  A shock serpent zombie (Crypt:1)
  An ice statue (IceCv)
  A guardian serpent (shapeshifter) (Vaults:4)
  2 frost giant skeletons
  A molten gargoyle (Lair:2)
  2 stone giant skeletons
  A spriggan zombie (Depths:2)
  6 eyes of devastation
  A torpor snail (Spider:2)
  29 cane toads
  A komodo dragon (Lair:3)
  43 yaktaurs
  A yaktaur zombie (Vaults:4)
  3 kobold demonologists (D:12)
  12 demonic crawlers
  An alligator snapping turtle skeleton (Crypt:2)
  5 rime drakes
  A guardian mummy (Crypt:1)
  6 freezing wraiths
  2 minotaur skeletons
  3 tengu conjurers
  2 yaktaurs (shapeshifter)
  A harpy zombie (D:14)
  A yaktaur skeleton (Vaults:4)
  17 polar bears
  Grinder (D:6)
  36 jumping spiders
  6 trolls
  15 hornets
  11 tyrant leeches
  A frost giant simulacrum (Vaults:2)
  14 bog bodies
  An ice dragon zombie (Crypt:1)
  7 dream sheep
  130 slime creatures
  18 blink frogs
  A hippogriff (shapeshifter) (Vaults:1)
  8 hippogriffs
  103 redbacks
  A vampire (D:10)
  5 air elementals
  2 tarantellas (shapeshifter)
  2 ettin skeletons (Vaults:2)
  2 shadows
  4 water elementals
  36 tarantellas
  37 flying skulls
  An ice dragon skeleton (Crypt:3)
  2 hogs (Lair:4)
  39 yaks
  7 wraiths
  3 basilisks
  A hog (shapeshifter) (Vaults:4)
  2 fire bats (Lair:2)
  A fire elemental (Lair:2)
  3 wyverns
  13 golden eyes
  2 human simulacra
  A spriggan simulacrum (Depths:2)
  36 vampire mosquitoes
  7 wargs
  A harpy simulacrum (D:15)
  9 insubstantial wisps
  15 swamp worms
  A two-headed ogre zombie (Crypt:1)
  2 acid dragons
  26 soldier ants
  Duvessa (D:5)
  A gelid demonspawn skeleton (Crypt:1)
  A floating eye (Slime:2)
  13 water moccasins
  13 porcupines
  A black bear (D:5)
  59 orc warriors
  A phantom (D:9)
  5 sky beasts
  An eye of draining (shapeshifter) (Vaults:3)
  An elephant zombie (Crypt:1)
  3 ice beasts
  18 swamp drakes
  3 human zombies
  7 eyes of draining
  27 ogres
  9 necrophages
  13 wolves (IceCv)
  10 boggarts
  18 centaurs
  15 crocodiles
  2 lemures (D:8)
  A centaur (shapeshifter) (Depths:1)
  5 big kobolds
  An elf zombie (Crypt:1)
  A wyvern zombie (D:14)
  A bullfrog (shapeshifter) (D:15)
  28 bullfrogs
  A rime drake skeleton (Crypt:2)
  10 earth elementals
  4 water moccasin zombies
  Dowan (D:5)
  A gnoll sergeant (D:7)
  A cyclops skeleton (Crypt:1)
  5 scorpions
  A yak zombie (Crypt:2)
  13 killer bees
  A howler monkey (D:4)
  22 wights
  6 electric eels
  4 lava snakes (Lair:2)
  2 centaur zombies
  A quasit (D:14)
  6 jellies
  6 hounds
  A bullfrog skeleton (D:5)
  3 bullfrog zombies
  4 centaur skeletons
  45 orc priests
  A black bear skeleton (Crypt:2)
  2 human skeletons (Crypt:1)
  4 iguanas
  27 orc wizards
  26 worker ants
  A demonspawn skeleton (Crypt:2)
  2 big kobold zombies (Ossuary)
  2 hound skeletons
  7 mummies
  12 gnolls
  9 adders
  A howler monkey skeleton (D:5)
  2 shadow imps (D:10)
  4 white imps
  An ooze (D:7)
  10 adder zombies
  4 worms
  7 leopard geckos
  114 orcs
  4 giant cockroaches
  10 goblins
  12 hobgoblins
  7 jackals
  7 quokkas
  8 bats
  7 frilled lizards
  4 gnoll zombies (Ossuary)
  4 hobgoblin zombies (Ossuary)
  A jackal skeleton (D:4)
  32 kobolds
  2 kobold zombies (Ossuary)
  A leopard gecko skeleton (D:4)
  3 orc zombies (Ossuary)
  A rat (D:1)
  A rat (shapeshifter) (Vaults:3)
  2 bushes
  5 crawling corpses
  A fire vortex (Lair:2)
2407 creatures vanquished.

Vanquished Creatures (collateral kills)
  A worker ant (D:12)
1 creature vanquished.

Vanquished Creatures (others)
  A dancing weapon (Elf:1)
  An ogre mage (Vaults:4)
  2 alligators (Swamp:4)
  A deep elf knight (Vaults:3)
  A polar bear (IceCv)
  A human (Lair:4)
  2 insubstantial wisps (Swamp:2)
  A killer bee (D:10)
  A butterfly (Lair:4)
  46 fungi
  123 plants
180 creatures vanquished.

Grand Total: 2588 creatures vanquished

Notes
Turn   | Place    | Note
-------+----------+-------------------------------------------
     0 | D:1      | Kaptain the Octopode Hedge Wizard began the quest for the
                  | Orb.
     0 | D:1      | Reached XP level 1. HP: 11/11 MP: 4/4
   337 | D:1      | Reached XP level 2. HP: 17/17 MP: 0/6
  1252 | D:2      | Reached XP level 3. HP: 22/22 MP: 0/7
  1685 | D:2      | Reached skill level 2 in Conjurations
  2012 | D:2      | Found a shimmering blue altar of Sif Muna.
  2400 | D:3      | Reached XP level 4. HP: 25/27 MP: 4/9
  2404 | D:3      | Learned a level 2 spell: Blink
  2408 | D:3      | Learned a level 3 spell: Mephitic Cloud
  2411 | D:3      | Learned a level 2 spell: Searing Ray
  2933 | D:2      | Reached skill level 1 in Fighting
  3683 | D:3      | Noticed an ogre
  3823 | D:3      | Reached XP level 5. HP: 33/33 MP: 5/10
  3997 | D:3      | Gained mutation: You possess an exceptional clarity of
                  | mind. [potion of mutation]
  3997 | D:3      | Gained mutation: Your skin blends seamlessly with your
                  | surroundings (Stealth++). [potion of mutation]
  4348 | D:4      | Reached skill level 3 in Conjurations
  4647 | D:4      | Reached XP level 6. HP: 37/39 MP: 3/12
  5004 | D:5      | Entered Level 5 of the Dungeon
  5004 | D:5      | Noticed Duvessa
  5004 | D:5      | Noticed Dowan
  5293 | D:5      | Noticed a black bear
  5303 | D:5      | Killed a black bear
  5488 | D:5      | Reached XP level 7. HP: 45/45 MP: 8/13
  5660 | D:5      | Reached skill level 4 in Conjurations
  5699 | D:5      | Killed Duvessa
  5699 | D:5      | Reached skill level 5 in Stealth
  5727 | D:5      | Killed Dowan
  6107 | D:5      | Reached skill level 5 in Spellcasting
  6221 | D:5      | Reached XP level 8. HP: 31/51 MP: 3/15
  6442 | D:5      | Found a staircase to the Ecumenical Temple.
  6539 | Temple   | Entered the Ecumenical Temple
  6966 | D:5      | Reached skill level 5 in Conjurations
  7200 | D:6      | Noticed Grinder
  7201 | D:6      | Paralysed by Grinder for 2 turns
  7399 | D:6      | Killed Grinder
  8251 | D:6      | Reached skill level 6 in Conjurations
  8436 | D:6      | Reached XP level 9. HP: 49/58 MP: 8/18
  8590 | D:7      | Found a sand-covered staircase.
  8601 | Ossuary  | Entered an ossuary
  9402 | D:7      | Reached skill level 5 in Dodging
  9848 | D:7      | Reached skill level 7 in Conjurations
 10879 | D:8      | Noticed Pikel
 10889 | D:8      | Killed Pikel
 10889 | D:8      | Reached skill level 5 in Fighting
 10889 | D:8      | Reached XP level 10. HP: 63/66 MP: 13/21
 10952 | D:8      | Found Lityow's Antique Armour Shop.
 11043 | D:8      | Reached skill level 8 in Conjurations
 11430 | D:8      | Got a transparent long sword
 11431 | D:8      | Identified the +8 long sword of Annihilation {flame, rElec
                  | rC- Int+4} (You found it on level 8 of the Dungeon)
 11692 | D:8      | Found an iron altar of Okawaru.
 12427 | D:9      | Found a staircase to the Lair.
 13345 | Lair:1   | Entered Level 1 of the Lair of Beasts
 13385 | Lair:1   | Noticed a cane toad
 13392 | Lair:1   | Killed a cane toad
 13392 | Lair:1   | Reached skill level 9 in Conjurations
 13567 | Lair:1   | Reached XP level 11. HP: 69/72 MP: 9/24
 13735 | Lair:1   | Got a slimy great sword
 13984 | Lair:1   | Noticed Gastronok
 14266 | Lair:1   | Identified the +4 great sword of the Slashing Wolf {flame,
                  | Fragile rPois rF+++ MR-} (You found it on level 1 of the
                  | Lair of Beasts)
 14496 | Lair:1   | Noticed Sonja
 14672 | Lair:1   | Killed Sonja
 14672 | Lair:1   | Reached skill level 10 in Conjurations
 14699 | Lair:2   | Found a frozen archway.
 14744 | IceCv    | Entered an ice cave
 14972 | IceCv    | Learned a level 5 spell: Fireball
 14977 | IceCv    | Learned a level 4 spell: Sticky Flame
 14986 | IceCv    | Reached skill level 10 in Spellcasting
 15104 | IceCv    | Learned a level 3 spell: Stone Arrow
 15137 | IceCv    | Reached skill level 1 in Fire Magic
 15184 | IceCv    | Reached skill level 1 in Earth Magic
 15359 | IceCv    | Noticed a death yak
 15398 | IceCv    | Killed a death yak
 15398 | IceCv    | Reached XP level 12. HP: 81/81 MP: 1/26
 15527 | IceCv    | Learned a level 1 spell: Sandblast
 16200 | IceCv    | Noticed a frost giant
 16200 | IceCv    | Noticed a death yak
 16215 | IceCv    | Reached skill level 11 in Conjurations
 16447 | IceCv    | Killed a death yak
 16452 | IceCv    | Killed a frost giant
 17366 | Lair:2   | Learned a level 5 spell: Lee's Rapid Deconstruction
 18237 | Lair:3   | Found a hole to the Spider Nest.
 18561 | Lair:3   | Reached skill level 1 in Shields
 18561 | Lair:3   | Reached skill level 5 in Earth Magic
 18561 | Lair:3   | Reached XP level 13. HP: 69/88 MP: 4/28
 19522 | Lair:3   | Found a staircase to the Swamp.
 19524 | Lair:3   | Identified the Tome of the Creative Voyage
 20351 | Lair:4   | Got a coiled silver ring
 20352 | Lair:4   | Identified the ring "Geluup" {Int+6 Dex+3} (You found it on
                  | level 4 of the Lair of Beasts)
 20455 | Lair:4   | Noticed Kirke
 20474 | Lair:4   | Killed Kirke
 21272 | Lair:5   | Reached skill level 12 in Conjurations
 22423 | Lair:6   | Entered Level 6 of the Lair of Beasts
 23397 | D:10     | Entered Level 10 of the Dungeon
 23873 | D:10     | Got a dazzling dagger
 23900 | D:10     | Identified the +8 dagger of the Nexus {elec, Int+3} (You
                  | found it on level 10 of the Dungeon)
 23928 | D:10     | Noticed Fannar
 24220 | D:10     | Found Xaonepsamn's Jewellery Boutique.
 24330 | D:10     | Killed Fannar
 24330 | D:10     | Reached XP level 14. HP: 93/95 MP: 26/29
 24575 | D:10     | Found a sacrificial altar of Ru.
 25418 | D:11     | Found a bloodstained altar of Trog.
 25647 | D:12     | Noticed an entropy weaver
 25988 | D:12     | Killed an entropy weaver
 26858 | D:12     | Found a transporter.
 26862 | D:12     | Found a transporter.
 27641 | D:12     | Noticed an entropy weaver
 27656 | D:12     | Killed an entropy weaver
 28032 | D:12     | Found a staircase to the Orcish Mines.
 28208 | D:12     | Reached skill level 10 in Stealth
 28295 | Orc:1    | Entered Level 1 of the Orcish Mines
 28646 | Orc:1    | Reached skill level 13 in Conjurations
 28663 | Orc:1    | Noticed an orc warlord
 29281 | Orc:1    | Killed an orc warlord
 29509 | Orc:1    | Found a roughly hewn altar of Beogh.
 30056 | Orc:1    | Reached skill level 5 in Shields
 30615 | Orc:2    | Entered Level 2 of the Orcish Mines
 30715 | Orc:2    | Noticed Josephine
 31174 | Orc:2    | Killed Josephine
 31622 | Orc:2    | Found a staircase to the Elven Halls.
 31707 | Orc:2    | Noticed Donald
 31729 | Orc:2    | Killed Donald
 31729 | Orc:2    | Reached XP level 15. HP: 80/102 MP: 11/31
 33184 | Orc:2    | Found Zuunowk's Antique Weapon Emporium.
 33184 | Orc:2    | Found Goqusm's General Store.
 33185 | Orc:2    | Found Zurr's Jewellery Emporium.
 33185 | Orc:2    | Found Zaewes's Weapon Shoppe.
 33193 | Orc:2    | Bought an uncursed ring of see invisible for 195 gold
                  | pieces
 33412 | Orc:2    | Bought an uncursed ring of positive energy for 260 gold
                  | pieces
 33533 | D:10     | Bought an uncursed ring of wizardry for 480 gold pieces
 33534 | D:10     | Bought an uncursed amulet of magic regeneration for 480
                  | gold pieces
 34767 | Lair:5   | Reached skill level 10 in Fighting
 35214 | Lair:6   | Reached skill level 10 in Earth Magic
 35558 | Lair:6   | Found the +0 pair of fencer's gloves {Riposte Dex+3}
 35627 | Lair:6   | Got an ancient scimitar
 35628 | Lair:6   | Identified the +6 scimitar "Vigif" {antimagic, *Noise rC+
                  | Int+6} (You found it on level 6 of the Lair of Beasts)
 35789 | Lair:6   | Learned a level 2 spell: Swiftness
 35885 | Lair:6   | Found a runed translucent door.
 35886 | Lair:6   | Found a viscous altar of Jiyva.
 35887 | Lair:6   | Noticed an acid blob
 35888 | Lair:6   | Found a staircase to the Slime Pits.
 35905 | Lair:6   | Killed an acid blob
 36410 | Swamp:1  | Entered Level 1 of the Swamp
 36490 | Swamp:1  | Reached skill level 14 in Conjurations
 36722 | Swamp:1  | Got a pitted hunting sling
 36723 | Swamp:1  | Identified the cursed +3 hunting sling of Megalomania
                  | {flame, rF- rN++ Str+5} (You found it on level 1 of the
                  | Swamp)
 37090 | Swamp:1  | Reached XP level 16. HP: 109/109 MP: 5/33
 37121 | Swamp:1  | Found a glowing silver altar of Zin.
 37166 | Swamp:1  | Got an encrusted halberd
 37167 | Swamp:1  | Identified the +1 halberd "Nesuyb" {drain, +Inv Int+5} (You
                  | found it on level 1 of the Swamp)
 38550 | Swamp:2  | Learned a level 6 spell: Statue Form
 39840 | Swamp:3  | Reached skill level 1 in Transmutations
 39853 | Swamp:3  | Noticed a thorn hunter
 39875 | Swamp:3  | Killed a thorn hunter
 40412 | Swamp:3  | Got a fine flail
 40413 | Swamp:3  | Identified the +8 flail of the Median {flame, Stlth+} (You
                  | found it on level 3 of the Swamp)
 41313 | Swamp:4  | Entered Level 4 of the Swamp
 41315 | Swamp:4  | Noticed Nikola
 41606 | Swamp:4  | Noticed Louise
 41606 | Swamp:4  | Noticed Roxanne
 43466 | Swamp:4  | Reached XP level 17. HP: 117/117 MP: 16/35
 43558 | Swamp:4  | Got a decaying rune of Zot
 43614 | Swamp:4  | Killed Louise
 44041 | Swamp:4  | Killed Roxanne
 44041 | Swamp:4  | Reached skill level 15 in Conjurations
 44266 | Swamp:4  | Killed Nikola
 44708 | Spider:1 | Entered Level 1 of the Spider Nest
 45985 | Spider:1 | Identified a scroll of acquirement
 45986 | Spider:1 | Acquired the -2 hat of the Alchemist {rElec rPois rF+ rC+
                  | rN+ MR+ rMut rCorr}
 45987 | Spider:1 | Found the -2 hat of the Alchemist {rElec rPois rF+ rC+ rN+
                  | MR+ rMut rCorr}
 48592 | Spider:3 | Reached XP level 18. HP: 124/124 MP: 30/36
 48596 | Spider:3 | Reached skill level 5 in Transmutations
 49491 | Spider:4 | Entered Level 4 of the Spider Nest
 49811 | Spider:4 | Reached skill level 15 in Spellcasting
 50256 | Spider:4 | Reached skill level 16 in Conjurations
 50833 | Spider:4 | Acquired 3460 gold pieces
 50953 | Spider:4 | Got a crystal halberd
 50954 | Spider:4 | Identified the +11 halberd of the Scorpion {protect, Dex+2}
                  | (You found it on level 4 of the Spider Nest)
 51543 | Spider:4 | Got a gossamer rune of Zot
 53107 | D:13     | You fall into a shaft and drop 1 floor!
 53295 | D:13     | Found a gate to the Vaults.
 54177 | D:15     | Entered Level 15 of the Dungeon
 54262 | D:14     | Reached XP level 19. HP: 119/131 MP: 38/38
 54615 | D:15     | Found a staircase to the Depths.
 55211 | Depths:1 | Entered Level 1 of the Depths
 55215 | Depths:1 | Noticed Saint Roka
 55615 | D:15     | Killed Saint Roka
 56056 | Depths:1 | Noticed Bai Suzhen
 56115 | Depths:1 | You fall into a shaft and drop 1 floor!
 56133 | Depths:1 | Found Gemoiwea's General Store.
 56667 | Elf:1    | Entered Level 1 of the Elven Halls
 56764 | Elf:1    | Noticed Frances
 56775 | Elf:1    | Killed Frances
 57580 | Elf:1    | Acquired a +1 buckler of protection
 57938 | Elf:2    | Reached skill level 10 in Shields
 58001 | Elf:2    | Reached skill level 1 in Air Magic
 58255 | Elf:2    | Reached skill level 17 in Conjurations
 58708 | Elf:2    | Found Areonac's Gadget Shop.
 58708 | Elf:2    | Found Makutu's Jewellery Shoppe.
 58709 | Elf:2    | Found Ynale's Gadget Shop.
 58723 | Elf:2    | Bought the ring of Akeintes {*Corrode rF+ rN+ Str+2 Dex+4}
                  | for 615 gold pieces
 58723 | Elf:2    | Bought an uncursed ring of magical power for 300 gold
                  | pieces
 58723 | Elf:2    | Bought an uncursed ring of protection from magic for 375
                  | gold pieces
 58802 | Elf:2    | Found a runed translucent gate.
 58802 | Elf:2    | Found a runed translucent gate.
 58802 | Elf:2    | Found a runed translucent gate.
 58944 | Elf:3    | Entered Level 3 of the Elven Halls
 59044 | Elf:3    | Reached XP level 20. HP: 138/138 MP: 30/40
 60047 | Elf:3    | Identified the Papyrus of the Frigorific Voyage
 60052 | Elf:3    | Got a transparent bone ring
 60264 | Elf:3    | Learned a level 6 spell: Iron Shot
 60272 | Elf:3    | Learned a level 7 spell: Orb of Destruction
 60464 | Elf:3    | Reached skill level 5 in Fire Magic
 60883 | Elf:3    | Identified the ring of Muar Poa {+Fly rC+ MP-9 Str+2} (You
                  | found it on level 3 of the Elven Halls)
 60884 | Elf:3    | Identified the amulet of Fiades {Inacc rF+ MP+9} (You found
                  | it on level 3 of the Elven Halls)
 60944 | Elf:3    | Acquired 1550 gold pieces
 60948 | Elf:3    | Acquired 940 gold pieces
 61833 | Elf:3    | Identified the +6 halberd of the Dead {elec, +Rage rPois
                  | rC+} (You found it on level 3 of the Elven Halls)
 62037 | Vaults:1 | Entered Level 1 of the Vaults
 62627 | Vaults:1 | Reached XP level 21. HP: 145/145 MP: 31/41
 62753 | Vaults:1 | Reached skill level 18 in Conjurations
 63026 | Vaults:1 | Identified the +5 arbalest of the Lost Persimmons {speed,
                  | rPois rN+ Dex+4} (You found it on level 1 of the Vaults)
 63443 | Vaults:1 | Reached skill level 15 in Earth Magic
 64198 | Vaults:2 | Identified the cursed +0 kite shield of Jizisofu {rC++
                  | Dex-2 Slay+6 SInv} (You found it on level 2 of the Vaults)
 64573 | Vaults:2 | Found a runed translucent gate.
 64573 | Vaults:2 | Found a runed translucent gate.
 64573 | Vaults:2 | Found a runed translucent gate.
 64574 | Vaults:2 | Found an opulent altar of Gozag.
 64575 | Vaults:2 | Noticed Viusuagh's ghost (adept MiSk)
 64785 | Vaults:2 | Found Soed's Antique Armour Boutique.
 65852 | Vaults:3 | Reached XP level 22. HP: 153/153 MP: 23/43
 66609 | Vaults:3 | Noticed Agnes
 66614 | Vaults:3 | Killed Agnes
 66614 | Vaults:3 | Noticed Asterion
 66615 | Vaults:3 | Noticed Rupert
 66618 | Vaults:3 | Killed Asterion
 66620 | Vaults:3 | Killed Rupert
 66836 | Vaults:3 | Reached skill level 19 in Conjurations
 66957 | Vaults:3 | Found Gonwa's General Store.
 66972 | Vaults:3 | Bought a scroll of fog for 24 gold pieces
 66972 | Vaults:3 | Bought a scroll of identify for 24 gold pieces
 67149 | Vaults:3 | Found a staircase to the Crypt.
 67220 | Vaults:3 | Identified the cursed +2 glaive of Hacking and Slashing
                  | {freeze, Str+3 Int+2 Dex+3} (You found it on level 3 of the
                  | Vaults)
 67784 | Vaults:4 | Found Qiuwevon's Book Emporium.
 68871 | Vaults:4 | Reached XP level 23. HP: 161/161 MP: 25/45
 69639 | Crypt:1  | Entered Level 1 of the Crypt
 69782 | Crypt:1  | Noticed Sojobo
 69791 | Crypt:1  | Killed Sojobo
 70032 | Crypt:1  | Noticed Xtahua
 70296 | Crypt:1  | Killed Xtahua
 70465 | Crypt:1  | Noticed Margery
 70486 | Crypt:1  | Killed Margery
 70938 | Crypt:1  | Acquired an uncursed staff of earth
 71290 | Crypt:2  | Noticed an ancient lich
 71298 | Crypt:2  | Killed an ancient lich
 71397 | Crypt:2  | Reached skill level 20 in Conjurations
 72132 | Crypt:2  | Noticed Boris
 72139 | Crypt:2  | Killed Boris
 72139 | Crypt:2  | Reached skill level 15 in Fighting
 72775 | Elf:2    | Bought an uncursed ring of magical power for 300 gold
                  | pieces
 72775 | Elf:2    | Bought an uncursed ring of magical power for 300 gold
                  | pieces
 73102 | Crypt:3  | Entered Level 3 of the Crypt
 73103 | Crypt:3  | Reached skill level 10 in Fire Magic
 73480 | Crypt:3  | Reached XP level 24. HP: 161/169 MP: 46/46
 73635 | Crypt:3  | Reached skill level 1 in Short Blades
 73949 | Crypt:3  | Found a staircase to the Tomb.
 73967 | Crypt:3  | Got an ancient silver ring
 73967 | Crypt:3  | Got a crude lead ring
 73967 | Crypt:3  | Got a twitching granite ring
 73968 | Crypt:3  | Identified the ring "Qysiss" {+Blink +Inv rF+ rC- rN+} (You
                  | found it on level 3 of the Crypt)
 73969 | Crypt:3  | Identified the ring of the Jackalope {rPois rF- rN+ Dex+8
                  | SInv} (You found it on level 3 of the Crypt)
 73970 | Crypt:3  | Identified the ring "Celyssaa" {rN+ Str+2} (You found it on
                  | level 3 of the Crypt)
 74133 | Crypt:3  | Reached skill level 10 in Dodging
 74217 | Crypt:3  | Identified the +9 spear of Urgency {freeze, *Drain rC++}
 74247 | Crypt:3  | Found a basalt altar of Yredelemnul.
 74281 | Crypt:3  | Noticed an ancient lich
 74285 | Crypt:3  | Killed an ancient lich
 74597 | Crypt:1  | Learned a level 5 spell: Bolt of Magma
 74957 | Slime:1  | Entered Level 1 of the Pits of Slime
 75001 | Slime:2  | Paralysed by a floating eye for 3 turns
 79231 | Slime:5  | Entered Level 5 of the Pits of Slime
 79297 | Slime:5  | Reached XP level 25. HP: 128/175 MP: 32/46
 79297 | Slime:5  | Gained mutation: You occasionally shout uncontrollably at
                  | your foes. [a shining eye]
 79299 | Slime:5  | Gained mutation: You are dopey. (Int -2) [a shining eye]
 79542 | Slime:5  | Noticed the Royal Jelly
 80419 | Slime:5  | Gained mutation: You are frail. (-10% HP) [a shining eye]
 80469 | Slime:5  | Killed the Royal Jelly
 80469 | Slime:5  | Reached skill level 21 in Conjurations
 80877 | Slime:5  | Got a slimy rune of Zot
 80884 | Slime:5  | Got a shimmering lead ring
 80892 | Slime:5  | Identified the ring "Tohoutz" {Wiz rF+ Int+4 Dex+2} (You
                  | found it on level 5 of the Pits of Slime)
 80940 | Slime:5  | Identified the ring of Damee {rF+ Stlth-} (You found it on
                  | level 5 of the Pits of Slime)
 81008 | Slime:5  | Identified the +7 scythe "Zucel" {drain, +Inv rN+} (You
                  | found it on level 5 of the Pits of Slime)
 81030 | Slime:5  | Learned a level 9 spell: Shatter
 81369 | Depths:1 | Got a pair of polished gloves
 81370 | Depths:1 | Identified the +0 pair of gloves of Card Tricks {*Contam
                  | rC++ Str+2} (You found it on level 1 of the Depths)
 81541 | D:15     | Killed Bai Suzhen
 81541 | D:15     | Reached skill level 5 in Short Blades
 81604 | Depths:1 | Found a gateway to Hell.
 81747 | Depths:1 | Bought a scroll of teleportation for 54 gold pieces
 81762 | Depths:1 | Found a one-way gate to the infinite horrors of the Abyss.
 82014 | Depths:1 | Lost mutation: You are dopey. (Int -2) [potion of mutation]
 82014 | Depths:1 | Lost mutation: You occasionally shout uncontrollably at
                  | your foes. [potion of mutation]
 82014 | Depths:1 | Lost mutation: You possess an exceptional clarity of mind.
                  | [potion of mutation]
 82014 | Depths:1 | Gained mutation: Your body sometimes deteriorates upon
                  | taking damage. [potion of mutation]
 82014 | Depths:1 | Gained mutation: You are covered in fur. (AC +1) [potion of
                  | mutation]
 82014 | Depths:1 | Gained mutation: One of your tentacles bears a spike.
                  | [potion of mutation]
 82015 | Depths:1 | Lost mutation: You are frail. (-10% HP) [potion of
                  | mutation]
 82015 | Depths:1 | Lost mutation: Your body sometimes deteriorates upon taking
                  | damage. [potion of mutation]
 82015 | Depths:1 | Lost mutation: You are covered in fur. (AC +1) [potion of
                  | mutation]
 82015 | Depths:1 | Lost mutation: One of your tentacles bears a spike. [potion
                  | of mutation]
 82015 | Depths:1 | Gained mutation: You are dopey. (Int -2) [potion of
                  | mutation]
 82015 | Depths:1 | Gained mutation: You are partially covered in iridescent
                  | scales. (AC +2) [potion of mutation]
 82015 | Depths:1 | Gained mutation: You are resistant to electric shocks.
                  | (rElec) [potion of mutation]
 82243 | Depths:2 | Identified the Disquisition on the Supportive Arsonist
 82255 | Depths:2 | Found a shimmering blue altar of Sif Muna.
 82389 | Depths:2 | Identified the ring "Sothowag" {*Drain rC+ Int+7}
 82500 | Depths:2 | Identified the Handbook of the Volcanoes
 82747 | Depths:2 | Found a runed translucent gate.
 82747 | Depths:2 | Found a runed translucent gate.
 82747 | Depths:2 | Found a runed translucent gate.
 82749 | Depths:2 | Noticed Hores's ghost (veteran GrEE)
 82755 | Depths:2 | Killed Hores's ghost
 83453 | Depths:2 | Identified Wuewk's Volume of Ghastly Air
 83465 | Depths:2 | Learned a level 3 spell: Stone Arrow
 83474 | Depths:2 | Identified Sif Muna's Handbook of Poisoning and Curses
 83962 | Depths:3 | Learned a level 1 spell: Animate Skeleton
 84533 | Depths:3 | Found a one-way gate leading to the halls of Pandemonium.
 84535 | Depths:3 | Found a blossoming altar of Fedhas.
 84557 | Depths:3 | Reached XP level 26. HP: 183/183 MP: 47/47
 84719 | Depths:3 | Identified the Incunabulum of Captivating Transmigration
 84726 | Depths:3 | Identified the +5 dagger "Eniove" {elec, rF- Int+6 SInv}
                  | (You found it on level 3 of the Depths)
 85534 | Depths:4 | Found a gateway to a ziggurat.
 85590 | Depths:4 | HP: 5/183 [quicksilver dragon (illusionary) (5)]
 85590 | Depths:4 | Slain by a deep elf sorcerer

Illustrated notes

Levels and vault maps discovered:
D:1:      scummos_arrival_gate, layout_loops_cross
D:2:      layout_loops_ring, lemuel_round_altar
D:3:      layout_rooms
D:4:      layout_basic
D:5:      layout_loops_ring, minmay_temple_entry_gardened_gates,
          kennysheep_generic_room_12, uniq_duvessa
D:6:      minmay_spotlight, layout_loops_ring, uniq_grinder
D:7:      layout_layer_cave, nicolae_ossuary_entry_monument
D:8:      layout_loops_ring, serial_shops, shop_fountains,
          okawaru_ov_weapons_minmay, uniq_pikel
D:9:      layout_loops_ring, lair_entry_dummy
D:10:     layout_basic, serial_shops, shop, nicolae_ru_the_path_less_chosen,
          uniq_fannar
D:11:     layout_roguey, bloody_trog
D:12:     gammafunk_wand_slinger, layout_stronghold, orc_0_dummy, minivault_29
D:13:     layout_small_grid, erik_vaults_1
D:14:     layout_stronghold, minivault_14
D:15:     hangedman_depths_entry_civil_slaughter, layout_small_grid,
          serial_park_gazebo [serial_park_minivault_5x5_2]
Temple:   kilobyte_greek_temple
Lair:1:   layout_chaotic_city, beast_lair_carwin_7, grunt_megastairs_3,
          uniq_gastronok, uniq_sonja
Lair:2:   layout_gridlike, portal_ice_cave_rime
Lair:3:   layout_cave_pods, minmay_swamp_entry_swarm,
          spider_nest_entry_web_field, grunt_megastairs_4, serial_bayou_shore_b,
          lemuel_fruit_fields
Lair:4:   layout_roguey, serial_bayou_shore_a, lemuel_fruit_fields, uniq_kirke
Lair:5:   layout_long_grid, grunt_megastairs_5
Lair:6:   minmay_lair_end_frog_pond, layout_regular_city, slime_altar_2,
          minmay_lair_oklob_bushes, grunt_forest_small_clearings
Swamp:1:  layout_falls_marsh, basic_altar
Swamp:2:  layout_basic_swamp, evilmike_swamp_ruin_house_4
Swamp:3:  layout_basic_swamp, nicolae_swamp_little_tower, swamp_pool1,
          infiniplex_staircase_pool_2
Swamp:4:  grunt_swamp_rune_castle, layout_basic_swamp, uniq_nikola, uniq_louise,
          uniq_roxanne
Spider:1: spiders_nest_scorpion_pit
Spider:2: layout_spider_delve
Spider:3: layout_spider_delve, hangedman_spider_mandibles,
          hangedman_stitches_earthworm
Spider:4: grunt_spider_rune_circles, nicolae_orb_island
Slime:1:  layout_caves, nicolae_slime_barrier
Slime:2:  layout_caves
Slime:3:  layout_caves
Slime:4:  layout_caves
Slime:5
Orc:1:    orc_temple, layout_caves
Orc:2:    st_orc_pillars, layout_diamond_mine, uniq_donald, uniq_josephine
Elf:1:    layout_loops_cross, evilmike_minifort, uniq_frances
Elf:2:    layout_gridlike, minmay_shop_grove
Elf:3:    elf_hall, layout_geoelf_octagon
Vaults:1: ontoclasm_vaults_eye, v_misc_8, vaults_mumra_hex,
          nicolae_vaults_little_squares_3, nicolae_vaults_stairing_the_circle,
          hangedman_vaults_snaps, nicolae_vaults_shelves_hall,
          nicolae_vaults_yaktaur_gun_rack, nicolae_vaults_network_square,
          v_alt_pattern_4, v_alt_pattern_1, layout_vaults_big_room
Vaults:2: ebering_vaults_ghost_gozag, v_rooms_6, v_pattern_5, v_alt_pattern_5,
          hangedman_vaults_slice, v_alt_pattern_2, vaults_room_octagon,
          vaults_room_guarded_vault, ontoclasm_vaults_decontamination,
          v_misc_16, hangedman_vaults_cutoff, layout_vaults_ring, serial_shops,
          nicolae_shop_behind_doors
Vaults:3: ontoclasm_vaults_chip, vaults_dpeg_spiral, vaults_mumra_minichess,
          nicolae_vaults_little_squares_1, v_misc_5, sword_in_stone,
          nicolae_vaults_bisected_slash, minmay_crypt_entry_simple_corners,
          ontoclasm_vaults_twist, v_alt_pattern_2, ontoclasm_vaults_ligature,
          layout_vaults_quadrants, serial_shops, shop
Vaults:4: nicolae_vaults_little_squares_4, nicolae_vaults_arrows,
          nicolae_vaults_display_case, v_misc_9, vaults_mumra_hexcomb,
          vaults_room_pool, hangedman_vaults_river_flow, v_pattern_2,
          nicolae_vaults_angled_halls, vaults_room_hallway, vaults_dpeg_hooks,
          layout_vaults_omnicross, serial_shops, shop
Crypt:1:  layout_misc_corridors, grunt_crypt_arrival_guarded_gate, uniq_margery,
          uniq_xtahua, uniq_sojobo
Crypt:2:  layout_misc_corridors, uniq_boris
Crypt:3:  cryptofortress_bobbens
Depths:1: layout_basic, abyss_entry, grunt_decor_mini_mirrors,
          hangedman_coc_ice_floe, kennysheep_underground_church,
          minmay_shop_star, uniq_saint_roka, uniq_bai_suzhen
Depths:2: evilmike_library_of_no_secrets, layout_gridville, hell_entry,
          abyss_entry_crystal, minmay_misc_feat_encased,
          ebering_ghost_rock_garden, serial_bayou_shore_b
Depths:3: minmay_the_grid_triangle_9x9_line_8_mashed
          [minmay_the_grid_triangle_9x9_swiss_cheese,
          minmay_the_grid_triangle_9x9_corruption,
          minmay_the_grid_triangle_9x9_limited_checkers,
          minmay_the_grid_triangle_9x9_shrine,
          minmay_the_grid_triangle_9x9_longest,
          minmay_the_grid_triangle_9x9_descending_squares,
          minmay_the_grid_triangle_9x9_corrupted_corridor,
          minmay_the_grid_triangle_9x9_prize_insulated], layout_cave_shapes,
          infiniplex_staircase_x, pan_entry, hell_entry,
          serial_co_window_serial, co_window_of_opportunity_a,
          co_window_paths_a, co_window_paths_a, co_window_paths_b,
          co_window_of_opportunity_a, co_window_corner_cb, co_window_broadway_a,
          co_window_2corner, glass_columns_a, glass_columns_a,
          serial_bayou_shore_b
Depths:4: hangedman_pleasuredromes, hell_entry, abyss_entry, uniq_mennas

Skill      XL: |  1  2  3  4  5  6  7  8  9 10 11 12 13 14 15 16 17 18 19 20 21 22 23 24 25 26 |
---------------+-------------------------------------------------------------------------------+-----
Stealth        | 3 4 5 6 7 9 10 11 12 | 12.0
Conjurations   | 2 3 4 6 7 9 10 11 12 13 14 15 16 17 18 19 20 21 | 21.6
Fighting       | 1 2 3 5 6 7 8 9 10 11 12 13 14 15 16 | 16.1
Spellcasting   | 4 5 6 7 9 10 11 12 13 14 15 16 17 18 19 20 | 20.3
Dodging        | 3 4 5 6 7 8 9 10 11 | 11.8
Fire Magic     | 1 3 5 7 9 10 11 12 | 12.0
Earth Magic    | 1 5 7 9 10 11 12 13 14 15 16 17 | 17.4
Shields        | 1 3 5 6 7 8 9 10 | 10.8
Transmutations | 2 4 6 7 |  7.2
Air Magic      | 2 3 |  3.2
Short Blades   | 4 6 |  6.8
Summonings     | |  1.0
Translocations | |  1.0

Action                   |  1- 3 |  4- 6 |  7- 9 | 10-12 | 13-15 | 16-18 | 19-21 | 22-24 | 25-27 || total
-------------------------+-------+-------+-------+-------+-------+-------+-------+-------+-------++-------
Melee: Dagger            |     9 |       |       |       |   511 |   552 |   251 |   313 |   148 ||  1784
       Constrict         |    12 |    15 |    13 |    24 |   134 |    87 |    32 |    47 |    12 ||   376
       Short sword       |    29 |    46 |    23 |       |       |       |       |       |       ||    98
       Tentacles         |     4 |     8 |    13 |    25 |   120 |   114 |    63 |    99 |    48 ||   494
       Rapier            |       |       |    37 |       |       |       |       |       |       ||    37
       Trident           |       |       |    11 |    10 |       |       |       |       |       ||    21
       Long sword        |       |       |       |   104 |    65 |     5 |       |       |       ||   174
       Flail             |       |       |       |       |       |     3 |       |    30 |     7 ||    40
 Cast: Magic Dart        |    92 |   149 |   163 |    72 |       |       |       |       |       ||   476
       Searing Ray       |       |     2 |    58 |    75 |    22 |       |       |       |       ||   157
       Blink             |       |       |     1 |     6 |    24 |    36 |     3 |    18 |    18 ||   106
       Mephitic Cloud    |       |       |     8 |    62 |   166 |     4 |     1 |       |       ||   241
       Stone Arrow       |       |       |       |    36 |   138 |    41 |    11 |     3 |       ||   229
       Fireball          |       |       |       |     6 |   179 |   274 |    91 |   211 |   134 ||   895
       Sandblast         |       |       |       |    15 |    10 |    31 |       |       |       ||    56
       Sticky Flame      |       |       |       |     1 |     5 |    40 |     5 |    14 |     6 ||    71
       Lee's Rapid Decon |       |       |       |       |    27 |   162 |   357 |   257 |    46 ||   849
       Statue Form       |       |       |       |       |       |    98 |   154 |   163 |    59 ||   474
       Swiftness         |       |       |       |       |       |     4 |     5 |     5 |     4 ||    18
       Iron Shot         |       |       |       |       |       |       |     9 |    82 |    82 ||   173
       Orb of Destructio |       |       |       |       |       |       |     8 |    31 |     7 ||    46
       Bolt of Magma     |       |       |       |       |       |       |       |     1 |    16 ||    17
       Animate Skeleton  |       |       |       |       |       |       |       |       |     2 ||     2
Evoke: Wand              |       |       |       |     7 |     2 |     3 |     4 |       |       ||    16
       Lightning rod     |       |       |       |     3 |       |     1 |     1 |       |       ||     5
  Use: Potion            |     3 |     5 |     1 |     5 |    13 |     3 |     6 |     3 |     5 ||    44
       Scroll            |     5 |     8 |     5 |    14 |    10 |    20 |    19 |    11 |    16 ||   108
 Stab: Sleeping          |     1 |       |     2 |     3 |    40 |    13 |     8 |     4 |     4 ||    75
       Confused          |       |       |     2 |    17 |    80 |       |       |       |       ||    99
       Distracted        |       |       |       |     2 |     3 |     3 |     1 |     2 |       ||    11
Armor: Skin              |     7 |     7 |    43 |     9 |    46 |  1015 |   290 |   321 |   182 ||  1920
Dodge: Dodged            |    51 |    62 |    98 |   233 |   536 |  2199 |   359 |   423 |   324 ||  4285
Block: Buckler           |       |       |       |       |    70 |   632 |   142 |       |       ||   844
       Kite shield       |       |       |       |       |       |       |   134 |   394 |   241 ||   769
       Reflection        |       |       |       |       |       |       |    13 |    31 |       ||    44
       Rpst.: Long sword |       |       |       |    54 |    46 |     1 |       |       |       ||   101

Table legend: (Time is in decaauts)
 A = Elapsed time spent in this place.
 B = Non-inter-level travel time spent in this place.
 C = Inter-level travel time spent in this place.
 D = Time resting spent in this place.
 E = Time spent auto-exploring this place.
 F = Levels seen in this place.
 G = Mean time per level.
                   A        B        C        D        E       F      G
               +--------+--------+--------+--------+--------+-----+--------+
         Total |  96752 |  91499 |   5253 |  35043 |  31413 |  53 | 1825.5 |
       Dungeon |  24029 |  22339 |   1690 |   8664 |   9386 |  15 | 1601.9 |
        Temple |    208 |    172 |     36 |      0 |    171 |   1 |  208.0 |
          Lair |  12512 |  11497 |   1015 |   5799 |   3110 |   6 | 2085.3 |
         Swamp |   8513 |   8134 |    379 |   4401 |   2159 |   4 | 2128.2 |
   Spider Nest |   8757 |   8530 |    227 |   4065 |   2012 |   4 | 2189.2 |
    Slime Pits |   5795 |   5599 |    196 |   2356 |    679 |   5 | 1159.0 |
  Orcish Mines |   4947 |   4604 |    343 |   2104 |    782 |   2 | 2473.5 |
   Elven Halls |   7168 |   6634 |    534 |   2113 |   1823 |   3 | 2389.3 |
        Vaults |  10476 |  10052 |    424 |   2142 |   5717 |   4 | 2619.0 |
         Crypt |   6048 |   5730 |    318 |   1054 |   2227 |   3 | 2016.0 |
        Depths |   5767 |   5680 |     87 |    914 |   3131 |   4 | 1441.8 |
       Ossuary |    445 |    445 |      0 |    284 |      0 |   1 |  445.0 |
      Ice Cave |   2081 |   2081 |      0 |   1144 |    213 |   1 | 2081.0 |
               +--------+--------+--------+--------+--------+-----+--------+

Top non-repeatable levels by time:
 Swamp:3: 4345 daAuts
  Lair:5: 3756 daAuts
Vaults:4: 2940 daAuts
   Elf:3: 2922 daAuts
Spider:2: 2767 daAuts
    D:12: 2711 daAuts
Vaults:3: 2630 daAuts
   Orc:1: 2613 daAuts
  Lair:3: 2526 daAuts
Vaults:2: 2504 daAuts
Vaults:1: 2400 daAuts
    D:15: 2362 daAuts
 Crypt:1: 2352 daAuts
Depths:3: 2333 daAuts
   Orc:2: 2333 daAuts
